 Dungeon Crawl Stone Soup version 0.30.0-17-ge0270778cf (webtiles) character file.

Game seed: 3401060257396654197

9747 anacleto the Grappler (level 11, -12/102 HPs)
             Began as a Troll Berserker on May 23, 2023.
             Was an Elder of Trog.
             Mangled by a manticore (14 damage)
             ... on level 10 of the Dungeon.
             The game lasted 00:31:49 (9435 turns).

anacleto the Grappler (Troll Berserker)             Turns: 9435, Time: 00:31:50

Health: -12/102    AC:  7    Str: 31    XL:     11   Next: 27%
Magic:  7/10       EV: 10    Int:  7    God:    Trog [****..]
Gold:   427        SH:  0    Dex: 15    Spells: 10/10 levels left

rFire   . .          .
                       - Unarmed
rCold   + . .        (no shield)
rNeg    . . .        J - +0 steam dragon scales
rPois   .            (helmet restricted)
rElec   .            (no cloak)
rCorr   .            (gloves unavailable)
SInv    .            (boots unavailable)
Will    .....        (no amulet)
Stlth   +++          K - ring of Bifeo {+Blink Fly Int+4 Dex+3}
HPRegen 1.17/turn    g - ring of Pigahoz {rC+ Dex+3 Stlth+}
MPRegen 0.12/turn

%: no passive effects
@: mighty, lethally poisoned (-12 -> -13), about to teleport, marked, on berserk
cooldown, flying, slowed, very slow
A: large, unfitting armour, claws 3, regeneration 1, shaggy fur 1, tough skin 1
a: Renounce Religion, Evoke Blink, Berserk, Trog's Hand, Brothers in Arms


You were on level 10 of the Dungeon.
You worshipped Trog.
Trog was greatly pleased with you.
You visited 1 branch of the dungeon, and saw 10 of its levels.
You also visited: Bailey.

You collected 595 gold pieces.
You spent 168 gold pieces at shops.

Inventory:

Missiles
 e - 5 silver javelins
 h - a throwing net
 y - 11 boomerangs (quivered)
 E - 4 javelins
 G - 21 poisoned darts
Armour
 J - +0 steam dragon scales (worn)
Jewellery
 g - the ring of Pigahoz (right claw) {rC+ Dex+3 Stlth+}
   (You acquired it in a bailey)

   [ring of protection from cold]

   Dex:       It affects your dexterity (+3).
   rC:        It protects you from cold.
   Stlth:     It makes you more stealthy.
 K - the ring of Bifeo (left claw) {+Blink Fly Int+4 Dex+3}
   (You acquired it on level 9 of the Dungeon)

   [ring of flight]

   Int:       It affects your intelligence (+4).
   Dex:       It affects your dexterity (+3).
   Fly:       It grants you flight.
   +Blink:    It lets you blink.
 L - a ring of fire
Wands
 i - a wand of light (6)
 r - a wand of flame (54)
 D - a wand of iceblast (2)
 I - a wand of paralysis (8)
Scrolls
 b - a scroll of immolation {unknown}
 c - a scroll of noise {unknown}
 k - 2 scrolls of torment
 n - 2 scrolls of butterflies
 o - 2 scrolls of teleportation
 t - 4 scrolls of magic mapping {unknown}
 v - 2 scrolls of fear
 z - a scroll of blinking {unknown}
 B - 3 scrolls of amnesia
 C - a scroll of enchant armour {unknown}
 F - a scroll of silence {unknown}
 H - 5 scrolls of enchant weapon {unknown}
Potions
 a - 4 potions of mutation {unknown}
 d - 3 potions of curing
 f - a potion of heal wounds
 l - a potion of ambrosia
 m - 2 potions of attraction {unknown}
 p - a potion of berserk rage {unknown}
 q - 2 potions of haste {unknown}
 s - a potion of degeneration {unknown}
 u - 2 potions of flight
 w - 3 potions of resistance {unknown}
 x - 2 potions of might
 A - 2 potions of lignification
 M - a potion of experience
 N - a potion of invisibility
 O - a potion of magic {unknown}


   Skills:
 + Level 5.0 Fighting
 * Level 6.8 Throwing
 - Level 2.4 Dodging
 + Level 2.1 Stealth
 * Level 14.8 Unarmed Combat
 + Level 0.4 Evocations


You had 10 spell levels left.
You didn't know any spells.
Your spell library was empty.

Dungeon Overview and Level Annotations

Branches:
Dungeon (10/15)            Temple (0/1) D:4            Lair (0/5) D:8
 Bailey (visited)
    Orc: D:9-12

Altars:
Cheibriados
Elyvilon
Fedhas
Gozag
Hepliaklqana
Kikubaaqudgha
Okawaru
Uskayaw
Vehumet

Shops:
D:5 (

Annotations:
D:5 exclusion: statue
D:8 2 transporters


Innate Abilities, Weirdness & Mutations

You are too large for most types of armour.
You have claws for hands.
Your natural rate of healing is unusually fast.
You are covered in fur. (AC +1)
You have tough skin. (AC +1)


Message History

Unknown command.
Okay, then.
Unknown command.
Unknown command.
An orc knight and a wyvern come into view.
A kobold brigand comes into view.
It is wielding a +0 whip and quivering poisoned darts.
The water moccasin completely misses you.
A troll comes into view.
The orc knight moves out of view.
The water moccasin attacks as you move away!
The water moccasin barely misses you.
The wyvern is engulfed in blazing flames.
A hornet comes into view.
A two-headed ogre comes into view.
It is wielding a +0 giant club and a +0 dire flail.
An orc comes into view. It is wielding a +0 whip.
The kobold brigand throws a poisoned dart.
The poisoned dart hits you!
You are poisoned.
The water moccasin closely misses you.
As you read the scroll of teleportation, it crumbles to dust.
You feel strangely unstable.
You feel very sick. The water moccasin barely misses you.
A kobold demonologist comes into view. It is wielding a +0 dagger.
The manticore bites you!
* * * LOW HITPOINT WARNING * * *
The manticore claws you.
* * * LOW HITPOINT WARNING * * *
The manticore claws you.
* * * LOW HITPOINT WARNING * * *
The water moccasin barely misses you. The freezing wraith hits you!
* * * LOW HITPOINT WARNING * * *
The freezing wraith freezes you! You resist.
* * * LOW HITPOINT WARNING * * *
The freezing wraith hits you!
* * * LOW HITPOINT WARNING * * *
The freezing wraith drains your vigour!
You feel as though you will be slow longer.
The manticore bites you!
You die...

###'#..............
###.C.#...###......<.
###.H...#...###........
#.....TO#e.............
'...⌠..K†...###.e.......
#......°#.#####.#.####..
###.§...#.l°☼R..#<.###.##
###...#...WW####..##..#######
###'#..##S@..#..##..#.....#
Q.#....HQ..oK..#[......#
..#....o....#.........#
..#.........##.......#
..)#.........##..._...#
#........y##.......#
...........y##.#....###
.............#.#......##
..........#.......#...#


You could see an orc knight, a tengu warrior, a two-headed ogre, a manticore, a
freezing wraith, a kobold demonologist, an efreet, a wraith, a water moccasin, a
wyvern, 2 vampire mosquitoes, a kobold brigand and an orc.

Vanquished Creatures
  A centaur warrior (D:10)
  An orc knight (Bailey)
  A kobold demonologist (D:10)
  A komodo dragon (D:10)
  A troll (D:10)
  A hornet (D:8)
  Sigmund (D:2)
  A wyvern (D:10)
  8 yaks
  2 steam dragons
  16 orc warriors
  3 black bears
  2 sky beasts (D:8)
  An ice beast (D:8)
  2 ogres (D:4)
  2 centaurs
  2 phantoms
  A kobold brigand (D:7)
  3 bullfrogs (D:8)
  2 scorpions
  7 wights
  4 howler monkeys
  4 hounds
  A gnoll bouda (D:6)
  6 orc priests
  2 jellies
  2 sleepcaps (D:5)
  5 iguanas
  Natasha (thrice) (D:2)
  8 orc wizards
  17 gnolls
  10 adders
  A shadow imp (D:7)
  2 white imps
  5 worms
  2 dart slugs
  38 orcs
  6 bats
  5 endoplasms
  2 giant cockroaches (D:3)
  16 goblins
  24 hobgoblins
  3 jackals (D:4)
  A quokka (D:1)
  5 ball pythons
  5 frilled lizards
  11 kobolds
  8 rats
255 creatures vanquished.

Vanquished Creatures (collateral kills)
  An orc warlord (Bailey)
  An orc knight (Bailey)
  An orc warrior (Bailey)
  A goblin (Bailey)
  A hobgoblin (Bailey)
5 creatures vanquished.

Vanquished Creatures (others)
  A cyclops (D:10)
  A yak (D:10)
  A human (D:3)
  A white imp (D:7)
4 creatures vanquished.

Grand Total: 264 creatures vanquished

Notes
Turn   | Place    | Note
-------+----------+-------------------------------------------
     0 | D:1      | anacleto the Troll Berserker began the quest for the Orb.
     0 | D:1      | Reached XP level 1. HP: 22/22 MP: 0/0
   218 | D:1      | Reached XP level 2. HP: 29/29 MP: 1/1
   491 | D:1      | Reached ** piety under Trog
   894 | D:2      | Reached skill level 4 in Unarmed Combat
   915 | D:2      | Reached XP level 3. HP: 32/36 MP: 2/2
  1115 | D:2      | Reached XP level 4. HP: 44/44 MP: 3/3
  1291 | D:2      | Noticed Natasha
  1295 | D:2      | Killed Natasha
  1516 | D:2      | Noticed Sigmund
  1544 | D:2      | Killed Sigmund
  1545 | D:2      | Reached skill level 1 in Throwing
  1545 | D:2      | Reached skill level 6 in Unarmed Combat
  1545 | D:2      | Reached XP level 5. HP: 14/52 MP: 4/4
  1618 | D:2      | Noticed Natasha
  1630 | D:2      | Killed Natasha
  1631 | D:2      | Reached XP level 6. HP: 59/59 MP: 5/5
  1958 | D:2      | Noticed Natasha
  1967 | D:2      | Killed Natasha
  2125 | D:3      | Identified the +10 sling of Iraera {heavy, Str+3 Int+2}
  2211 | D:3      | Found an ancient bone altar of Kikubaaqudgha.
  2212 | D:3      | Noticed a human
  2214 | D:3      | Killed a human
  2225 | D:3      | Found a hazy altar of Hepliaklqana.
  2263 | D:3      | Found a faded altar of an unknown god.
  2632 | D:3      | Identified the +3 hand axe "Japlup" {flame, rC- rN+ Str+6
                  | Int+3}
  2928 | D:4      | Identified the +10 mace of Symmetry {drain, +Blink rCorr
                  | Dex-3 Stlth+}
  2931 | D:4      | Reached skill level 7 in Unarmed Combat
  2940 | D:4      | Reached XP level 7. HP: 46/63 MP: 6/6
  2991 | D:4      | Reached *** piety under Trog
  3053 | D:4      | Found a staircase to the Ecumenical Temple.
  3419 | D:5      | Entered Level 5 of the Dungeon
  3599 | D:4      | Reached skill level 8 in Unarmed Combat
  3792 | D:5      | Reached XP level 8. HP: 71/75 MP: 7/7
  4013 | D:5      | Reached skill level 9 in Unarmed Combat
  4264 | D:5      | Found a radiant altar of Vehumet.
  4309 | D:5      | Found Majenos's Firing Range.
  4315 | D:5      | Bought 4 javelins for 168 gold pieces
  4455 | D:6      | Reached skill level 1 in Stealth
  4520 | D:6      | Found a blossoming altar of Fedhas.
  4660 | D:6      | Reached skill level 10 in Unarmed Combat
  4720 | D:6      | Found a hide-covered altar of Uskayaw.
  5342 | D:7      | Reached XP level 9. HP: 84/84 MP: 8/8
  5574 | D:7      | Reached skill level 11 in Unarmed Combat
  6724 | D:8      | Found a transporter.
  6743 | D:8      | Found a transporter.
  6811 | D:8      | Found a snail-covered altar of Cheibriados.
  6811 | D:8      | Found an iron altar of Okawaru.
  6855 | D:8      | Identified the +1 rapier of Liuwk {venom, +Blink Str+5
                  | Int-2}
  6961 | D:8      | Paralysed by a hornet for 3 turns
  6967 | D:8      | Paralysed by a hornet for 1 turns
  7033 | D:8      | Reached skill level 12 in Unarmed Combat
  7406 | D:8      | Found a staircase to the Lair.
  7542 | D:8      | Reached XP level 10. HP: 93/93 MP: 9/9
  7549 | D:8      | Found a transporter.
  7593 | D:8      | Found a transporter.
  7680 | D:9      | Identified 2 scrolls of acquirement
  7680 | D:9      | Acquired the ring of Bifeo {+Blink Fly Int+4 Dex+3}
  7743 | D:9      | Found a white marble altar of Elyvilon.
  7863 | D:9      | Reached **** piety under Trog
  7898 | D:9      | Reached skill level 13 in Unarmed Combat
  8005 | D:9      | Found a flagged portal.
  8018 | Bailey   | Entered a bailey
  8509 | Bailey   | Noticed an orc warlord
  8513 | Bailey   | Noticed an orc knight
  8536 | Bailey   | Killed an orc warlord
  8537 | Bailey   | Reached skill level 5 in Throwing
  8537 | Bailey   | Reached skill level 14 in Unarmed Combat
  8539 | Bailey   | Killed an orc knight
  8592 | Bailey   | Noticed an orc knight
  8619 | Bailey   | Killed an orc knight
  8765 | Bailey   | Acquired the ring of Pigahoz {rC+ Dex+3 Stlth+}
  9173 | D:10     | Entered Level 10 of the Dungeon
  9180 | D:10     | Reached XP level 11. HP: 88/101 MP: 10/10
  9345 | D:10     | Found an opulent altar of Gozag.
  9406 | D:10     | Noticed a deep elf pyromancer
  9406 | D:10     | Noticed a centaur warrior
  9414 | D:10     | Noticed a centaur warrior
  9418 | D:10     | Killed a centaur warrior
  9419 | D:10     | Reached skill level 5 in Fighting
  9422 | D:10     | Noticed a tengu warrior
  9425 | D:10     | Noticed a two-headed ogre
  9433 | D:10     | Noticed an orc knight
  9434 | D:10     | Noticed a two-headed ogre
  9435 | D:10     | HP: 2/102 [freezing wraith (8)]
  9435 | D:10     | Mangled by a manticore

Illustrated notes

Levels and vault maps discovered:
D:1:      dpeg_arrival_radiant, layout_basic
D:2:      layout_basic, kennysheep_generic_room_10, uniq_sigmund, uniq_natasha
D:3:      layout_basic, tgw_kikubaaqudgha, nicolae_hepliaklqana_hazy_memory,
          ebering_ecumenical_altar_petrified
D:4:      layout_rooms, minmay_temple_entry_mini_moons, nicolae_titane
D:5:      layout_gridville, vehumet_statue, nicolae_shop_firing_range
D:6:      layout_basic, nicolae_overflow_hidden_temple
D:7:      layout_layer_cave
D:8:      layout_loops_ring, gammafunk_temple_overflow_pools,
          grunt_lair_entry_orc_guard_hut, nicolae_transporter_intersection
D:9:      layout_roguey, mainiacjoe_overflow_six_doors_small, enter_bailey_4,
          nicolae_water_bricks
D:10:     cheibrodos_barr_body, layout_rooms, nicolae_gozag_seed_capital,
          kennysheep_orc_monster_closet_entryway, nicolae_rejected_hall

Skill      XL: |  1  2  3  4  5  6  7  8  9 10 11 |
---------------+----------------------------------+-----
Unarmed Combat | 4 6 7 8 10 12 14 | 14.8
Throwing       | 1 2 3 4 6 |  6.8
Fighting       | 3 4 5 |  5.0
Stealth        | 1 2 |  2.1
Dodging        | |  2.4
Evocations     | |  0.4

Action                     |  1- 3 |  4- 6 |  7- 9 | 10-12 || total
---------------------------+-------+-------+-------+-------++-------
  Melee: Unarmed           |    79 |    95 |   267 |   135 ||   576
         Punch             |     1 |     1 |    17 |    12 ||    31
  Throw: Dart              |     2 |     7 |    15 |       ||    24
         Throwing net      |       |       |     3 |       ||     3
         Boomerang         |       |       |     4 |    77 ||    81
 Invoke: Berserk           |     1 |     4 |    16 |     5 ||    26
         Trog's Hand       |       |       |     1 |       ||     1
         Brothers in Arms  |       |       |       |     1 ||     1
  Evoke: Wand              |       |       |       |     7 ||     7
    Use: Scroll            |       |       |    11 |    10 ||    21
         Potion            |       |       |     1 |     2 ||     3
   Stab: Sleeping          |     2 |       |     1 |     1 ||     4
 Armour: Animal skin       |    34 |    25 |    49 |       ||   108
         Steam dragon scal |       |       |    29 |    52 ||    81
  Dodge: Dodged            |    32 |    48 |   133 |    92 ||   305
